 Dungeon Crawl Stone Soup version 0.28.0-62-gf88900778d (webtiles) character file.

Game seed: 4240795536552754096

26 cbfl8 the Skirmisher (level 2, -1/40 HPs)
             Began as a Minotaur Berserker on July 1, 2023.
             Was a Follower of Trog.
             Killed from afar by Sigmund (11 damage)
             ... with a puff of flame
             ... on level 2 of the Dungeon.
             The game lasted 00:01:25 (1022 turns).

cbfl8 the Skirmisher (Minotaur Berserker)           Turns: 1022, Time: 00:01:26

Health: -1/40      AC: 11    Str: 21    XL:     2   Next: 89%
Magic:  1/1        EV:  6    Int:  4    God:    Trog [*.....]
Gold:   15         SH:  0    Dex:  9    Spells: 1/1 levels left

rFire   . . .      SeeInvis .   a - +0 hand axe
rCold   . . .      Faith    .   (no shield)
rNeg    . . .      Spirit   .   b - +0 plate armour
rPois   .          Reflect  .   (helmet restricted)
rElec   .          Harm     .   (no cloak)
rCorr   .          Rampage  .   (no gloves)
Will    .....                   (no boots)
Stlth   ..........              (no amulet)
HPRegen 0.13/turn               (no ring)
MPRegen 0.07/turn               (no ring)

@: berserking, very quick
A: horns 2, retaliatory headbutt
a: Renounce Religion, Berserk


You were on level 2 of the Dungeon.
You worshipped Trog.
Trog was aware of your devotion.
You visited 1 branch of the dungeon, and saw 2 of its levels.

You collected 15 gold pieces.

Inventory:

Hand Weapons
 a - a +0 hand axe (weapon)
Armour
 b - a +0 plate armour (worn)
Scrolls
 d - a scroll of identify
 e - a scroll of fog {unknown}
Potions
 c - a potion of heal wounds


   Skills:
 + Level 4.0 Fighting
 + Level 4.0 Axes
 + Level 2.5 Armour
 + Level 2.4 Dodging
 * Level 1.1 Evocations


You had one spell level left.
You didn't know any spells.
Your spell library was empty.

Dungeon Overview and Level Annotations

Branches:
Dungeon (2/15)

Altars:

Annotations:
D:2 Sigmund


Innate Abilities, Weirdness & Mutations

You have a pair of horns on your head.
You reflexively headbutt those who attack you in melee.


Message History

You kill the bat!
Trog accepts your kill.
You see here a bat corpse.
You see here a +0 scale mail.
There is a stone staircase leading up here.
A frilled lizard comes into view.
The frilled lizard hisses angrily.
A frilled lizard is nearby!
You hit the frilled lizard.
The frilled lizard is heavily wounded.
The frilled lizard bites you.
A frilled lizard is nearby!
You hit the frilled lizard.
You kill the frilled lizard!
Trog accepts your kill.
Sigmund the Dreaded comes into view.
He is wielding a +0 scythe.
Sigmund shouts!
An endoplasm comes into view.
The endoplasm quivers.
There are monsters nearby!
Sigmund points at you and mumbles some strange words.
You are confused.
There are monsters nearby!
You are too confused!
There are monsters nearby!
Okay, then.
Sigmund hits you from afar with a +0 scythe.
Sigmund hits you with a +0 scythe!
You're too confused to move!
Sigmund hits you from afar with a +0 scythe!
* * * LOW HITPOINT WARNING * * *
You bump into the rock wall.
You feel less confused. Sigmund barely misses you.
A red film seems to cover your vision as you go berserk!
You feel yourself moving faster!
You feel mighty!
You feel a strong urge to attack something.
Sigmund casts a spell at you. The puff of flame hits you!
You die...

########### #
#.....J@@.# #
#.#######.####
###
#######.##.##
#..
............#
# #..
#######.##.##
#.##.. #.##.#
#..... #.##.#
####.# ..##.#
#.# #####.####
####.#


You could see Sigmund and an endoplasm.

Vanquished Creatures
  An adder (D:2)
  A ball python (D:1)
  A bat (D:2)
  An endoplasm (D:1)
  3 goblins
  3 hobgoblins (D:1)
  2 frilled lizards
  4 kobolds
16 creatures vanquished.

Notes
Turn   | Place    | Note
-------+----------+-------------------------------------------
     0 | D:1      | cbfl8 the Minotaur Berserker began the quest for the Orb.
     0 | D:1      | Reached XP level 1. HP: 19/19 MP: 0/0
   185 | D:1      | Reached XP level 2. HP: 27/27 MP: 1/1
   773 | D:2      | Reached skill level 1 in Evocations
  1012 | D:2      | Noticed Sigmund
  1022 | D:2      | Killed from afar by Sigmund

Illustrated notes

Levels and vault maps discovered:
D:1:      evilmike_arrival_hilbert_curve, layout_loops_ring, lemuel_old_faithful
D:2:      layout_loops_corners, hellmonk_ecumenical_altar_blasted,
          chequers_serial_rivers_large_b, uniq_sigmund, uniq_jessica,
          uniq_crazy_yiuf_cottage

Skill      XL: |  1  2 |
---------------+-------+-----
Fighting       | 4 |  4.0
Axes           | 4 |  4.0
Evocations     | 1 |  1.1
Armour         | |  2.5
Dodging        | |  2.4

Action                   || total
-------------------------++-------
Melee: Hand axe          ||    34
       Headbutt          ||     9
Invok: Berserk           ||     1
  Use: Scroll            ||     1
Armor: Animal skin       ||     3
       Scale mail        ||     2
Dodge: Dodged            ||    19
